 Dungeon Crawl Stone Soup version 0.25-a0-356-g7c9d860 (webtiles) character file.

Game seed: 5687760800713483331, levelgen mode: deterministic

60134 CanOfBees the Convoker (level 14, -14/87 HPs)
             Began as a Deep Elf Summoner on Jan 3, 2020.
             Was an Elder of Sif Muna.
             Demolished by a jumping spider (15 damage)
             ... on level 4 of the Lair of Beasts on Jan 5, 2020.
             The game lasted 01:56:18 (55925 turns).

CanOfBees the Convoker (Deep Elf Summoner)         Turns: 55925, Time: 01:56:18

Health: -14/87     AC: 10    Str:  5    XL:     14   Next: 55%
Magic:  0/28       EV:  9    Int: 26    God:    Sif Muna [****..]
Gold:   1014       SH:  0    Dex: 15    Spells: 4/29 levels left

rFire    . . .     SeeInvis .   a - staff of energy
rCold    + . .     Gourm    .   e - +0 buckler
rNeg     . . .     Faith    .   z - +2 robe {Archmagi}
rPois    .         Spirit   +   V - +2 hat {MR+}
rElec    .         Reflect  +   n - scarf {Spirit}
rCorr    .         Harm     .   C - +1 pair of gloves
MR       ++...                  u - +1 pair of boots
Stlth    ++........             E - +4 amulet of reflection
HPRegen  0.24/turn              q - ring of protection from cold
MPRegen  0.21/turn              d - ring of wizardry

@: lethally poisoned (-14 -> -39), held
A: no striking features
a: Channel Magic, Forget Spell, Divine Exegesis, Renounce Religion


You were on level 4 of the Lair of Beasts.
You worshipped Sif Muna.
Sif Muna was greatly pleased with you.
You were not hungry.

You visited 5 branches of the dungeon, and saw 25 of its levels.
You visited 1 bazaar.
You also visited: Ice Cave.

You collected 2447 gold pieces.
You spent 1433 gold pieces at shops.

Inventory:

Hand Weapons
 b - a +4 demon trident of freezing
Missiles
 F - 34 poisoned darts (quivered)
 G - 21 javelins
 H - 527 stones
 L - 4 throwing nets
 W - 6 silver boomerangs
 Y - 35 boomerangs
Armour
 e - a +0 buckler (worn)
 n - a scarf of spirit shield (worn)
 u - a +1 pair of boots (worn)
 z - a +2 robe of the Archmagi (worn)
 C - a +1 pair of gloves (worn)
 V - a +2 hat of magic resistance (worn)
Magical Staves
 a - an uncursed staff of energy (weapon)
Jewellery
 d - a ring of wizardry (right hand)
 i - an uncursed ring of protection from cold
 q - a ring of protection from cold (left hand)
 E - a +4 amulet of reflection (around neck)
Wands
 o - a wand of flame (79)
 p - a wand of polymorph (7)
 s - a wand of iceblast (1)
 x - a wand of digging (12)
 y - a wand of enslavement (2)
 N - a wand of clouds (4)
 O - a wand of paralysis (3)
 R - a wand of disintegration (28)
 X - a wand of acid (8)
Scrolls
 k - 2 scrolls of summoning
 l - 3 scrolls of vulnerability
 r - a scroll of silence
 t - 2 scrolls of magic mapping
 v - a scroll of amnesia
 B - 5 scrolls of teleportation
 I - a scroll of identify
 K - 3 scrolls of immolation
 M - 8 scrolls of remove curse
 P - a scroll of noise
 Q - a scroll of holy word
Potions
 f - 6 potions of curing
 g - 4 potions of might
 h - 4 potions of brilliance
 j - 3 potions of ambrosia
 w - 6 potions of flight
 D - a potion of lignification
 J - a potion of magic
 U - 5 potions of agility
Miscellaneous
 S - a phantom mirror
 T - a fan of gales
Comestibles
 c - 16 rations


   Skills:
 + Level 9.9 Fighting
 - Level 8.0 Dodging
 - Level 2.4 Stealth
 - Level 4.5 Shields
 - Level 8.0 Spellcasting
 + Level 6.7 Conjurations
 - Level 8.0 Hexes
 - Level 15.0 Summonings
 + Level 2.9 Necromancy
 - Level 4.0 Ice Magic
 - Level 4.0 Air Magic
 - Level 4.0 Poison Magic
 * Level 11.9 Invocations
 + Level 2.4 Evocations


You had 4 spell levels left.
You knew the following spells:

 Your Spells              Type           Power        Failure   Level  Hunger
a - Summon Demon          Summ           #######...   1%          5    None
b - Call Imp              Summ           #######.     0%          2    None
c - Call Canine Familiar  Summ           #######.     1%          3    None
d - Summon Lightning Spi  Summ/Air       ######..     1%          4    None
e - Summon Ice Beast      Ice/Summ       ######..     1%          4    None
f - Summon Guardian Gole  Hex/Summ       #######.     1%          3    None
g - Mephitic Cloud        Conj/Pois/Air  ######..     1%          3    None
h - Animate Skeleton      Necr           N/A          1%          1    None

Your spell library contained the following spells:

 Spells                   Type           Power        Failure   Level  Hunger
 Summon Small Mammal      Summ           ####         0%          1    None
 Confusing Touch          Hex            ######       1%          1    None
 Ensorcelled Hibernation  Hex/Ice        ######       1%          2    None
 Poisonous Vapours        Pois/Air       #####.       1%          2    None
 Slow                     Hex            ######..     1%          2    None
 Confuse                  Hex            ######..     1%          3    None
 Conjure Flame            Conj/Fire      #####...     1%          3    None
 Dazzling Flash           Conj/Hex       ######       1%          3    None
 Inner Flame              Hex/Fire       #####...     1%          3    None
 Recall                   Summ/Tloc      N/A          1%          3    None
 Spectral Weapon          Hex/Chrm       #####...     1%          3    None
 Static Discharge         Conj/Air       ######..     1%          3    None
 Tukima's Dance           Hex            ######..     1%          3    None
 Fulminant Prism          Conj/Hex       ######....   1%          4    None
 Apportation              Tloc           ###...       2%          1    None
 Blink                    Tloc           N/A          3%          2    None
 Shroud of Golubria       Chrm/Tloc      ###...       3%          2    None
 Gell's Gravitas          Tloc           ###.......   7%          3    None
 Lesser Beckoning         Tloc           ###.......   7%          3    None
 Teleport Other           Tloc           ###.....     7%          3    None
 Passage of Golubria      Tloc           N/A          22%         4    None
 Monstrous Menagerie      Summ           #######...   4%          7    None
 Metabolic Englaciation   Hex/Ice        ######....   5%          5    None
 Lightning Bolt           Conj/Air       ######....   7%          5    None
 Darkness                 Hex            ######....   13%         6    None
 Spellforged Servitor     Conj/Summ      #######...   22%         7    None
 Freezing Cloud           Conj/Ice/Air   ######....   41%         6    None
 Blade Hands              Tmut           ###.......   50%         5    None
 Dragon's Call            Summ           #######...   99%         9    None
 Ring of Flames           Chrm/Fire      ###.......   100%        7    None
 Chain Lightning          Conj/Air       ######....   100%        8    None
 Ignition                 Fire           ###.......   100%        8    None
 Shatter                  Erth           ###.......   100%        9    None
 Tornado                  Air            #####.....   100%        9    None


Dungeon Overview and Level Annotations

Branches:
Dungeon (15/15)            Temple (1/1) D:7            Lair (6/6) D:9
 Shoals (0/4) Lair:2       Spider (1/4) Lair:4        Slime (0/5) Lair:6
    Orc (2/2) D:12            Elf (0/3) Orc:2        Vaults (0/5) D:14
 Depths (0/5) D:15          IceCv (visited)

Altars:
Ashenzari
Cheibriados
Dithmenos
Elyvilon
Fedhas
Gozag
Hepliaklqana
Kikubaaqudgha
Makhleb
Nemelex Xobeh
Okawaru
Qazlal
Ru
Sif Muna
Trog
Uskayaw
Vehumet
Wu Jian
Xom
Yredelemnul
Zin
The Shining One
Jiyva

Shops:
D:9 *   D:14 [*!   D:15 =   Orc:2 (*:[


Message History

* * * LOW HITPOINT WARNING * * *
You are caught in a web!
The jumping spider bites you but does no damage.
The wolf spider closely misses you.
The wolf spider bites you but does no damage.
The wolf spider hits you but does no damage.
The wolf spider bites you!
* * * LOW HITPOINT WARNING * * *
There is a web, spattered with blood here.
Unknown command.
Okay, then.
You feel much better.
* * * LOW HITPOINT WARNING * * *
You feel very sick. The tarantella bites you!!
* * * LOW HITPOINT WARNING * * *
The wolf spider hits you!
* * * LOW HITPOINT WARNING * * *
The wolf spider barely misses you. The jumping spider pounces on you!
You die...

######### #####
#.#P.##.#######P#P#
####.....#..≈≈≈.≈≈≈..###
#......#...≈.≈≈.≈≈.≈##.#####
.........#.≈≈.≈s≈.≈≈#..#P..####
+..#.P#....≈≈≈.s@≈≈≈..........###
##P#.....#.....ss....†...........
####.....##≈≈≈..3≈≈≈.......##...#
#.#P.......≈≈.≈.≈.≈≈.....##....##
.##..#..#..≈.≈≈.≈≈.≈.....#,..[..,
###.........≈≈≈.≈≈≈....)#......#,
# ##.#..#..#.....#....#....8.....
# *.[..........#.#...##........##
# ***.#P.##..####.#.##......####*


You could see 2 wolf spiders, a smoke demon, a jumping spider and a tarantella.

Vanquished Creatures
  2 dire elephants (Lair:6)
  Harold (D:9)
  An ice dragon (shapeshifter) (D:15)
  An ugly thing (D:15)
  Joseph (D:9)
  A spiny frog (Lair:1)
  A rime drake (IceCv)
  A human (D:14)
  7 yaks
  2 porcupines
  An eye of draining (shapeshifter) (D:15)
  An orc warrior (Orc:2)
  A sky beast (D:14)
  A wolf (IceCv)
  2 boggarts (D:15)
  5 centaurs
  2 crocodiles
  8 bullfrogs
  A scorpion (D:9)
  A wight (D:8)
  2 electric eels (D:11)
  3 crimson imps
  A bullfrog zombie (D:11)
  An orc priest (D:12)
  A gnoll shaman (D:5)
  3 hounds
  3 orc wizards
  11 worker ants
  Natasha (D:2)
  An ogre zombie (D:12)
  A worker ant zombie (D:11)
  Robin (D:2)
  An adder (D:2)
  3 worms
  2 dart slugs
  3 leopard geckos
  19 orcs
  A ball python (D:5)
  7 giant cockroaches
  11 goblins
  10 hobgoblins
  3 jackals (D:8)
  4 quokkas
  2 ball python skeletons
  6 bats
  3 frilled lizards
  A hobgoblin skeleton (D:12)
  A hobgoblin zombie (D:12)
  10 kobolds
  An orc skeleton (D:12)
  2 orc zombies (D:12)
  A quokka zombie (D:5)
  8 rats
  4 plants
173 creatures vanquished.

Vanquished Creatures (collateral kills)
  Gastronok (Lair:3)
  A frost giant (IceCv)
  2 orc warlords
  4 dire elephants (Lair:6)
  Snorg (Lair:6)
  10 hydras
  A fire dragon (D:15)
  An anaconda (Lair:6)
  2 centaur warriors
  A vault guard (D:14)
  A death knight (D:14)
  A catoblepas (Lair:6)
  4 two-headed ogres
  A satyr (shapeshifter) (D:15)
  3 orc high priests (Orc:2)
  Urug (Lair:3)
  4 skeletal warriors (D:15)
  An unseen horror (D:14)
  3 orc knights
  A wizard (D:14)
  2 wolf spider zombies (D:14)
  2 deep elf magi (D:12)
  An orb spider (shapeshifter) (D:14)
  2 necromancers (D:14)
  2 oklob plants (Lair:2)
  3 manticores
  7 orc sorcerers
  A wolf spider (Lair:4)
  13 ugly things
  6 cyclopes
  Maurice (D:8)
  3 black mambas
  13 elephants
  A merfolk siren (Lair:2)
  A gargoyle (D:13)
  9 spiny frogs
  A kobold demonologist (D:12)
  A freezing wraith (D:15)
  4 komodo dragons
  4 rime drakes
  A demonic crawler (Lair:4)
  An efreet (D:15)
  16 polar bears
  2 hornets
  2 jumping spiders
  9 trolls
  7 dream sheep (Lair:6)
  4 slime creatures
  10 blink frogs
  14 hippogriffs
  3 redbacks (Lair:4)
  Sigmund (D:5)
  A vampire (D:13)
  A spriggan (Lair:3)
  A wraith (D:13)
  A water elemental (D:14)
  A tarantella (Lair:4)
  59 yaks
  3 shadows
  5 wyverns
  20 humans (D:14)
  8 basilisks
  Grum (D:9)
  4 hungry ghosts
  A steam dragon (D:9)
  A two-headed ogre zombie (D:12)
  4 wargs
  An acid dragon (D:14)
  A soldier ant (D:11)
  11 water moccasins
  7 porcupines
  A floating eye (Lair:2)
  37 orc warriors
  5 ice beasts
  3 black bears
  An eye of draining (shapeshifter) (D:14)
  2 sky beasts
  A boggart (D:15)
  2 phantoms
  A necrophage (D:12)
  27 wolves
  17 ogres
  8 centaurs
  8 crocodiles
  2 big kobolds
  9 bullfrogs
  2 wyvern skeletons
  A water moccasin skeleton (D:7)
  5 jellies
  2 troll zombies (D:12)
  4 killer bees (D:12)
  A howler monkey (D:5)
  3 wights (D:8)
  9 crimson imps
  2 quasits
  4 centaur zombies
  3 hounds
  18 orc priests
  2 bullfrog skeletons
  28 orc wizards
  9 centaur skeletons
  Jessica (D:2)
  Natasha (D:2)
  Terence (D:2)
  2 iguanas
  4 worker ants
  A statue (D:6)
  4 ogre zombies (D:12)
  17 adders
  10 gnolls
  5 shadow imps
  An adder zombie (D:5)
  A dart slug (D:2)
  70 orcs
  2 giant cockroaches
  12 goblins
  11 hobgoblins
  2 bats (D:1)
  A frilled lizard (D:1)
  3 goblin zombies (D:12)
  4 hobgoblin zombies (D:12)
  11 kobolds
  4 orc skeletons (D:12)
  9 orc zombies (D:12)
  A rat (D:1)
  6 plants
723 creatures vanquished.

Vanquished Creatures (others)
  A polar bear (IceCv)
  A yak (IceCv)
  A sky beast (D:12)
  A wolf (IceCv)
  A bullfrog zombie (D:12)
  A bush (Lair:6)
  42 fungi
  33 plants
81 creatures vanquished.

Grand Total: 977 creatures vanquished

Notes
Turn   | Place    | Note
-------+----------+-------------------------------------------
     0 | D:1      | CanOfBees the Deep Elf Summoner began the quest for the
                  | Orb.
     0 | D:1      | Reached XP level 1. HP: 10/10 MP: 6/6
   736 | D:1      | Reached XP level 2. HP: 15/15 MP: 4/8
   744 | D:1      | Learned a level 2 spell: Call Imp
  1209 | D:2      | Noticed Robin
  1537 | D:2      | Noticed Natasha
  1664 | D:2      | Reached XP level 3. HP: 15/20 MP: 5/9
  1760 | D:2      | Reached skill level 5 in Summonings
  2183 | D:2      | Reached skill level 1 in Fighting
  2255 | D:2      | Learned a level 3 spell: Call Canine Familiar
  3262 | D:2      | Killed Natasha
  3262 | D:2      | Reached XP level 4. HP: 13/25 MP: 1/11
  3408 | D:2      | Learned a level 4 spell: Summon Lightning Spire
  3418 | D:2      | Noticed Terence
  3428 | D:2      | Killed Terence
  3456 | D:2      | Noticed Jessica
  3463 | D:2      | Killed Jessica
  3849 | D:2      | Killed Robin
  3863 | D:2      | Reached XP level 5. HP: 20/29 MP: 3/13
  4047 | D:2      | Noticed Natasha
  4057 | D:2      | Killed Natasha
  4296 | D:2      | Reached skill level 1 in Air Magic
  5560 | D:4      | Reached skill level 6 in Summonings
  5959 | D:4      | Noticed an ogre
  5969 | D:4      | Reached XP level 6. HP: 35/35 MP: 2/14
  7621 | D:5      | Entered Level 5 of the Dungeon
  7633 | D:4      | Reached skill level 5 in Spellcasting
  7831 | D:5      | Reached XP level 7. HP: 28/40 MP: 10/16
  7950 | D:5      | Reached skill level 7 in Summonings
  8306 | D:5      | Noticed Sigmund
  8320 | D:5      | Killed Sigmund
  8651 | D:5      | Reached XP level 8. HP: 27/46 MP: 9/19
  8753 | D:5      | Reached skill level 8 in Summonings
  9475 | D:5      | Learned a level 4 spell: Summon Ice Beast
  9517 | D:6      | You fall into a shaft and drop 1 floor!
  9716 | D:6      | Learned a level 3 spell: Summon Guardian Golem
  9755 | D:6      | Reached skill level 1 in Ice Magic
  9974 | D:6      | Found a radiant altar of Vehumet.
 10094 | D:6      | Reached skill level 1 in Hexes
 11227 | D:7      | Found a shimmering blue altar of Sif Muna.
 11232 | D:7      | Became a worshipper of Sif Muna the Loreminder
 11300 | D:7      | Found a staircase to the Ecumenical Temple.
 11356 | Temple   | Entered the Ecumenical Temple
 11911 | D:7      | Reached skill level 1 in Invocations
 12656 | D:8      | Reached XP level 9. HP: 37/52 MP: 11/20
 12874 | D:8      | Reached * piety under Sif Muna
 13247 | D:8      | Noticed Maurice
 13249 | D:8      | Paralysed by Maurice for 3 turns
 13273 | D:8      | Killed Maurice
 13273 | D:8      | Reached skill level 9 in Summonings
 13886 | D:8      | Found a glowing golden altar of the Shining One.
 13892 | D:8      | Found a shattered altar of Ashenzari.
 13901 | D:8      | Found a sparkling altar of Nemelex Xobeh.
 13903 | D:8      | Found a basalt altar of Yredelemnul.
 14533 | D:9      | Reached skill level 5 in Hexes
 14806 | D:9      | Noticed Joseph
 14816 | D:9      | Reached ** piety under Sif Muna
 14830 | D:9      | Killed Joseph
 14830 | D:9      | Reached skill level 5 in Fighting
 15102 | D:9      | Noticed Grum
 15121 | D:9      | Killed Grum
 15502 | D:9      | Found a staircase to the Lair.
 15678 | D:9      | Found Ding's General Store.
 15688 | D:9      | Bought a scroll of noise for 14 gold pieces
 15688 | D:9      | Bought a potion of curing for 42 gold pieces
 15688 | D:9      | Bought a scroll of identify for 28 gold pieces
 15688 | D:9      | Bought a potion of invisibility for 112 gold pieces
 16199 | D:10     | Entered Level 10 of the Dungeon
 16209 | D:10     | Noticed Harold
 16253 | D:9      | Killed Harold
 16253 | D:9      | Reached skill level 1 in Shields
 16253 | D:9      | Reached XP level 10. HP: 17/59 MP: 1/21
 16585 | D:10     | Reached skill level 5 in Invocations
 16737 | D:10     | Reached skill level 10 in Summonings
 18341 | D:11     | Noticed a cyclops
 18343 | D:11     | Noticed a cyclops
 18922 | D:11     | Noticed a two-headed ogre
 18939 | D:11     | Killed a two-headed ogre
 18978 | D:11     | Noticed a cyclops
 19662 | D:11     | Killed a cyclops
 19663 | D:11     | Reached *** piety under Sif Muna
 20058 | D:11     | Killed a cyclops
 20959 | D:11     | Killed a cyclops
 21189 | D:11     | Reached XP level 11. HP: 49/66 MP: 15/22
 21794 | Lair:1   | Entered Level 1 of the Lair of Beasts
 21954 | Lair:1   | Learned a level 3 spell: Mephitic Cloud
 23252 | Lair:1   | Noticed a five-headed hydra
 23272 | Lair:1   | Killed a five-headed hydra
 24418 | Lair:2   | Reached skill level 11 in Summonings
 24622 | Lair:2   | Noticed an oklob plant
 24630 | Lair:2   | Paralysed by a floating eye for 2 turns
 24864 | Lair:2   | Reached **** piety under Sif Muna
 25453 | Lair:2   | Noticed an oklob plant
 25462 | Lair:2   | Killed an oklob plant
 25626 | Lair:2   | Killed an oklob plant
 26079 | Lair:2   | Reached skill level 5 in Dodging
 26623 | Lair:2   | Found a staircase to the Shoals.
 26676 | Lair:3   | Noticed an eight-headed hydra
 26838 | Lair:3   | Noticed a six-headed hydra
 27076 | Lair:3   | Noticed Gastronok
 27087 | Lair:3   | Killed a six-headed hydra
 28031 | Lair:3   | Reached XP level 12. HP: 70/72 MP: 14/25
 28078 | Lair:3   | Noticed a five-headed hydra
 28091 | Lair:3   | Killed a five-headed hydra
 28232 | Lair:3   | Noticed Urug
 28237 | Lair:3   | Killed Urug
 28308 | Lair:3   | Reached ***** piety under Sif Muna
 28308 | Lair:3   | Reached skill level 12 in Summonings
 28368 | Lair:3   | Killed Gastronok
 28836 | Lair:3   | Killed an eight-headed hydra
 29521 | Lair:4   | Identified Penn's Papyrus of the Entourage and Execration
                  | (Sif Muna gifted it to you on level 4 of the Lair of
                  | Beasts)
 29521 | Lair:4   | Received a gift from Sif Muna
 29744 | Lair:4   | Found a hole to the Spider Nest.
 31540 | Lair:5   | Found a frozen archway.
 31558 | IceCv    | Entered an ice cave
 31867 | IceCv    | Reached skill level 1 in Conjurations
 31970 | IceCv    | Reached skill level 1 in Poison Magic
 32722 | IceCv    | Noticed a frost giant
 32796 | IceCv    | Killed a frost giant
 32811 | IceCv    | Reached skill level 13 in Summonings
 34271 | Lair:6   | Entered Level 6 of the Lair of Beasts
 34690 | Lair:6   | Found a viscous altar of Jiyva.
 34690 | Lair:6   | Found a staircase to the Slime Pits.
 34690 | Lair:6   | Noticed a seven-headed hydra
 34802 | Lair:6   | Noticed an eight-headed hydra
 34825 | Lair:6   | Killed an eight-headed hydra
 34914 | Lair:6   | Noticed Snorg
 34922 | Lair:6   | Killed Snorg
 34938 | Lair:6   | Noticed a catoblepas
 35223 | Lair:6   | Noticed a six-headed hydra
 35236 | Lair:6   | Killed a six-headed hydra
 35589 | Lair:6   | Reached XP level 13. HP: 63/78 MP: 9/27
 35590 | Lair:6   | Identified Sif Muna's Reference Book on Captivating
                  | Transformation (Sif Muna gifted it to you on level 6 of the
                  | Lair of Beasts)
 35590 | Lair:6   | Received a gift from Sif Muna
 36442 | Lair:6   | Found a bloodstained altar of Trog.
 38086 | Lair:6   | Noticed a dire elephant
 38086 | Lair:6   | Noticed a dire elephant
 38089 | Lair:6   | Noticed a dire elephant
 38102 | Lair:6   | Noticed a dire elephant
 38105 | Lair:6   | Noticed a dire elephant
 38380 | Lair:6   | Noticed a dire elephant
 38414 | Lair:6   | Killed a dire elephant
 38686 | Lair:6   | Killed a dire elephant
 39021 | Lair:6   | Killed a dire elephant
 39023 | Lair:6   | Killed a dire elephant
 39237 | Lair:6   | Killed a dire elephant
 39639 | Lair:6   | Killed a dire elephant
 39713 | Lair:6   | Identified the +11 rapier "Hecasch" {holy, rElec Str+3
                  | Dex-3 Stlth+} (You found it on level 6 of the Lair of
                  | Beasts)
 39715 | Lair:6   | Identified the +1 leather armour of Democracy {-Tele rN++
                  | Dex+4} (You found it on level 6 of the Lair of Beasts)
 39999 | D:12     | Found a staircase to the Orcish Mines.
 40041 | D:12     | Reached skill level 10 in Invocations
 41465 | D:12     | Received a gift from Sif Muna
 41465 | D:12     | Reached skill level 14 in Summonings
 41477 | D:12     | Learned a level 5 spell: Summon Demon
 41479 | D:12     | Learned a level 1 spell: Animate Skeleton
 41960 | D:13     | Reached skill level 5 in Conjurations
 43797 | D:14     | Found Dalamny's Antique Armour Shop.
 44107 | D:14     | Found a flickering gateway to a bazaar.
 44173 | Bazaar   | Entered a bazaar
 44173 | Bazaar   | Found Wyiduc's Magic Scroll Shoppe.
 44173 | Bazaar   | Found Bahicar's Weapon Emporium.
 44174 | Bazaar   | Found Dauwenn's Gadget Shoppe.
 44174 | Bazaar   | Found Uzessiog's Weapon Emporium.
 44281 | Bazaar   | Bought a scroll of teleportation for 36 gold pieces
 44281 | Bazaar   | Bought a scroll of remove curse for 36 gold pieces
 44281 | Bazaar   | Bought a scroll of teleportation for 36 gold pieces
 44281 | Bazaar   | Bought a scroll of amnesia for 42 gold pieces
 44281 | Bazaar   | Bought a scroll of remove curse for 36 gold pieces
 44281 | Bazaar   | Bought a scroll of blinking for 90 gold pieces
 44281 | Bazaar   | Bought a scroll of remove curse for 36 gold pieces
 44281 | Bazaar   | Bought a scroll of enchant weapon for 90 gold pieces
 44281 | Bazaar   | Bought a scroll of vulnerability for 90 gold pieces
 44281 | Bazaar   | Bought a scroll of teleportation for 36 gold pieces
 44281 | Bazaar   | Bought a scroll of teleportation for 36 gold pieces
 44281 | Bazaar   | Bought a scroll of identify for 24 gold pieces
 44281 | Bazaar   | Bought a scroll of brand weapon for 240 gold pieces
 44387 | Bazaar   | Bought a wand of enslavement (3) for 80 gold pieces
 44387 | Bazaar   | Bought a wand of digging (3) for 224 gold pieces
 44637 | D:14     | Found Egecsi's Distillery.
 44792 | D:14     | Found Jevois's General Store.
 45362 | D:14     | Reached XP level 14. HP: 74/86 MP: 14/28
 45431 | D:14     | Found a gate to the Vaults.
 45450 | D:14     | Identified a scroll of acquirement
 45642 | D:15     | Entered Level 15 of the Dungeon
 46095 | D:15     | Identified Sif Muna's Handbook of Conjuration (Sif Muna
                  | gifted it to you on level 15 of the Dungeon)
 46095 | D:15     | Received a gift from Sif Muna
 47378 | D:15     | Reached skill level 15 in Summonings
 47620 | D:15     | Found a white marble altar of Elyvilon.
 47671 | D:15     | Found Baduxe's Jewellery Boutique.
 47802 | D:15     | Found a staircase to the Depths.
 48099 | D:15     | Found a white marble altar of Elyvilon.
 48395 | D:15     | Found Baduxe's Jewellery Boutique.
 48848 | Orc:1    | Entered Level 1 of the Orcish Mines
 49654 | Orc:1    | Reached skill level 1 in Necromancy
 50525 | Orc:2    | Entered Level 2 of the Orcish Mines
 50546 | Orc:2    | Reached skill level 1 in Evocations
 50548 | Orc:2    | Noticed an orc warlord
 50676 | Orc:2    | Noticed an orc warlord
 51160 | Orc:1    | Identified Sif Muna's Tome of Execration (Sif Muna gifted
                  | it to you on level 1 of the Orcish Mines)
 51160 | Orc:1    | Received a gift from Sif Muna
 51959 | Orc:1    | Killed an orc warlord
 53331 | Orc:2    | Found Dadyak's Antique Armour Shop.
 53367 | Orc:2    | Noticed Nessos
 53497 | Orc:2    | Killed an orc warlord
 53572 | Orc:2    | Noticed Nessos
 53572 | Orc:2    | Nessos changed into Nessos the jumping spider
 53845 | Orc:1    | Killed Nessos the jumping spider
 54562 | Orc:2    | Found Iboqij's Book Shop.
 54593 | Orc:2    | Found a staircase to the Elven Halls.
 54647 | Orc:2    | Found Domyurch's General Store.
 54658 | Orc:2    | Bought a scroll of amnesia for 49 gold pieces
 54658 | Orc:2    | Bought a potion of flight for 42 gold pieces
 54658 | Orc:2    | Bought a scroll of noise for 14 gold pieces
 54841 | Orc:2    | Found Juaqub's Antique Weapon Emporium.
 55315 | Spider:1 | Entered Level 1 of the Spider Nest
 55749 | Lair:4   | Found a hole to the Spider Nest.
 55925 | Lair:4   | HP: 1/87 [wolf spider (7)]
 55925 | Lair:4   | Demolished by a jumping spider

Levels and vault maps discovered:
D:1:      dpeg_arrival_more_subterranean_lakeside_camping, layout_rooms
D:2:      minmay_evil_eye, layout_loops_ring, first_ration, uniq_jessica,
          uniq_terence, uniq_natasha, uniq_robin
D:3:      layout_rooms, columned_hall_lemuel
D:4:      layout_loops_ring
D:5:      corexii_shantytown, layout_cave_pools, gup_sewer_entry_glass,
          serial_park_tiny_1, kennysheep_cross_room, nzn_random_ring,
          uniq_sigmund
D:6:      layout_layer_cave, vehumet_statue, hangedman_abyss_or_decor_slice,
          minmay_misc_feat_doors, skrybe_limestone_x
D:7:      layout_loops_ring, kennysheep_little_box,
          minmay_temple_entry_purple_smoke
D:8:      layout_basic, minitemple, uniq_maurice
D:9:      layout_irregular_city, grunt_lair_entry_orc_guard_hut, serial_shops,
          shop, uniq_grum, uniq_joseph
D:10:     layout_basic, uniq_harold
D:11:     layout_basic
D:12:     layout_small_grid, zombieorc2_lemuel, hangedman_stone_soup,
          minmay_misc_feat_rugged
D:13:     layout_basic
D:14:     layout_long_grid, grunt_vaults_entry_tiered, serial_shops,
          bzr_entry_islet, nicolae_shop_behind_doors, shop,
          nicolae_shop_waterfront
D:15:     gammafunk_enter_depths_forms, layout_gridville, serial_shops, shop,
          elyvilon_altar_5
Temple:   eino_temple_scatter_basement
Lair:1:   layout_layer_cave
Lair:2:   layout_regular_city, minmay_shoals_entry_lonely_mermaid,
          disabler_island
Lair:3:   layout_loops_ring, st_stairs_13, forest_entry_grove, uniq_urug,
          uniq_gastronok
Lair:4:   layout_roguey, spider_nest_entry_a, grunt_megastairs_3,
          infiniplex_staircase_pool
Lair:5:   layout_layer_cave, portal_ice_cave_entry_pillars_1
Lair:6:   due_jungle_book, layout_regular_city, slime_altar_1, basic_altar,
          uniq_snorg
Spider:1: layout_spider_delve, worms_lemuel
Orc:1:    layout_diamond_mine
Orc:2:    grunt_orc_gardens, layout_caves, grunt_orc_garden, grunt_orc_garden,
          grunt_orc_garden, grunt_orc_garden, uniq_nessos

Skill      XL: |  1  2  3  4  5  6  7  8  9 10 11 12 13 14 |
---------------+-------------------------------------------+-----
Dodging        | 3 4 5 7 8 |  8.0
Summonings     | 5 6 7 8 9 10 11 13 14 15 | 15.0
Fighting       | 1 2 3 4 5 6 7 8 9 |  9.9
Spellcasting   | 4 5 6 7 8 |  8.0
Air Magic      | 1 2 3 4 |  4.0
Ice Magic      | 3 4 |  4.0
Hexes          | 2 6 8 |  8.0
Invocations    | 1 4 6 8 9 10 11 | 11.9
Shields        | 1 4 |  4.5
Conjurations   | 3 6 |  6.7
Poison Magic   | 3 4 |  4.0
Necromancy     | 2 |  2.9
Evocations     | 2 |  2.4
Stealth        | |  2.4

Action                   |  1- 3 |  4- 6 |  7- 9 | 10-12 | 13-15 || total
-------------------------+-------+-------+-------+-------+-------++-------
Melee: Dagger            |    72 |   139 |   308 |    58 |       ||   577
       Trident           |       |       |       |   154 |       ||   154
       Staff             |       |       |       |    59 |   148 ||   207
       Demon trident     |       |       |       |       |    60 ||    60
       Rapier            |       |       |       |       |    15 ||    15
Throw: Stone             |     2 |     5 |    38 |    41 |    13 ||    99
       Dart              |       |       |       |       |    21 ||    21
       Boomerang         |       |       |       |       |     5 ||     5
 Cast: Summon Small Mamm |    23 |       |       |       |       ||    23
       Call Imp          |    19 |    31 |    35 |       |       ||    85
       Call Canine Famil |     1 |     6 |    22 |    25 |    46 ||   100
       Summon Lightning  |       |     1 |    15 |    57 |    51 ||   124
       Summon Ice Beast  |       |       |    17 |   223 |   300 ||   540
       Mephitic Cloud    |       |       |       |    10 |    23 ||    33
       Summon Guardian G |       |       |       |     1 |     1 ||     2
       Animate Skeleton  |       |       |       |       |    63 ||    63
       Summon Demon      |       |       |       |       |    21 ||    21
Invok: Channel Magic     |       |       |     1 |     2 |     8 ||    11
Evoke: Wand              |       |       |     3 |     6 |    27 ||    36
  Use: Scroll            |       |     7 |     9 |    26 |    22 ||    64
       Potion            |       |       |     2 |     8 |     8 ||    18
 Stab: Sleeping          |     4 |     6 |     5 |     1 |       ||    16
       Distracted        |       |       |     3 |     5 |     5 ||    13
       Invisible         |       |       |     1 |       |       ||     1
       Paralysed         |       |       |       |       |     2 ||     2
  Eat: Chunk             |     7 |    15 |    27 |    43 |    35 ||   127
       Ration            |       |       |     1 |     9 |     9 ||    19
Armor: Robe              |    13 |    25 |    97 |   114 |   156 ||   405
Dodge: Dodged            |    71 |    92 |   270 |   304 |   359 ||  1096
Block: Buckler           |       |       |     3 |   103 |   198 ||   304
       Reflection        |       |       |       |       |    11 ||    11

Table legend:
 A = Non-vault XP
 B = Vault XP
 C = Vault XP percentage of total XP
 D = Non-vault monster count
 E = Vault monster count
 F = Vault count percentage of total count
                 A         B        C        D         E       F
            +---------+---------+-------+---------+---------+-------
      Total |   60425 |   25481 |  29.7 |     630 |     257 |  29.0
            +---------+---------+-------+---------+---------+-------
        D:1 |      14 |       0 |   0.0 |      13 |       0 |   0.0
        D:2 |     121 |     109 |  47.4 |      28 |      20 |  41.7
        D:3 |      60 |       0 |   0.0 |      14 |       0 |   0.0
        D:4 |     361 |       0 |   0.0 |      21 |       0 |   0.0
        D:5 |     510 |     550 |  51.9 |      21 |      53 |  71.6
        D:6 |     364 |      16 |   4.2 |      14 |       1 |   6.7
        D:7 |     565 |       0 |   0.0 |      20 |       0 |   0.0
        D:8 |     998 |     407 |  29.0 |      34 |       2 |   5.6
        D:9 |     592 |    1546 |  72.3 |      16 |      10 |  38.5
       D:10 |    1751 |       0 |   0.0 |      23 |       0 |   0.0
       D:11 |    3251 |       0 |   0.0 |      42 |       0 |   0.0
       D:12 |    3868 |     889 |  18.7 |      41 |      40 |  49.4
       D:13 |    3736 |       0 |   0.0 |      27 |       0 |   0.0
       D:14 |    5628 |    3482 |  38.2 |      34 |      25 |  42.4
       D:15 |    6980 |    2260 |  24.5 |      35 |      10 |  22.2
     Lair:1 |    3057 |       0 |   0.0 |      24 |       0 |   0.0
     Lair:2 |    3689 |     892 |  19.5 |      33 |       4 |  10.8
     Lair:3 |    4066 |    2210 |  35.2 |      27 |      11 |  28.9
     Lair:4 |    3050 |     490 |  13.8 |      23 |       4 |  14.8
     Lair:5 |     931 |       0 |   0.0 |       7 |       0 |   0.0
     Lair:6 |   11007 |    2150 |  16.3 |      45 |       6 |  11.8
      Orc:1 |    3395 |    2125 |  38.5 |      61 |       8 |  11.6
      Orc:2 |    2431 |    2649 |  52.1 |      27 |      20 |  42.6
      IceCv |       0 |    5706 | 100.0 |       0 |      43 | 100.0
            +---------+---------+-------+---------+---------+-------
